 Dungeon Crawl Stone Soup version 0.30-a0-385-gfebfb9b408 (webtiles) character file.

Game seed: 17000420476389944757

58 NinjaNoafa the Ducker (level 3, -3/28 HPs)
             Began as a Demonspawn Gladiator on Dec 2, 2022.
             Slain by Edmund
             ... wielding a +3 flail of protection
              (12 damage)
             ... on level 4 of the Dungeon.
             The game lasted 00:03:22 (1157 turns).

NinjaNoafa the Ducker (Demonspawn Gladiator)        Turns: 1157, Time: 00:03:22

Health: -3/28      AC:  4    Str: 14    XL:     3   Next: 76%
Magic:  3/3        EV: 15    Int:  9    God:
Gold:   76         SH:  5    Dex: 16    Spells: 2/2 levels left

rFire   . . .      SeeInvis .    a - +0 rapier
rCold   . . .      Faith    .    (no shield)
rNeg    . . .      Spirit   .    b - +0 leather armour
rPois   .          Reflect  +    (helmet restricted)
rElec   .          Harm     .    (no cloak)
rCorr   .          Rampage  .    (no gloves)
Will    .....                    o - +0 pair of boots
Stlth   +.........               f - amulet of reflection
HPRegen 0.24/turn                (no ring)
MPRegen 0.08/turn                (no ring)

@: no status effects
A: antennae 1, repulsion field 1
a: no special abilities


You were on level 4 of the Dungeon.
You visited 1 branch of the dungeon, and saw 4 of its levels.

You collected 76 gold pieces.

Inventory:

Hand Weapons
 a - a +0 rapier (weapon)
Missiles
 d - 3 throwing nets (quivered)
 e - a javelin
 g - 3 poisoned darts
 j - 14 stones
 m - 3 boomerangs
Armour
 b - a +0 leather armour (worn)
 c - a +0 helmet
 o - a +0 pair of boots (worn)
Jewellery
 f - an amulet of reflection (around neck)
 q - a ring of ice
Scrolls
 h - a scroll of brand weapon {unknown}
 k - a scroll of amnesia {unknown}
 p - a scroll of vulnerability {unknown}
 r - a scroll of poison {unknown}
 s - 2 scrolls of enchant weapon {unknown}
 u - a scroll of silence {unknown}
 v - 3 scrolls of identify {unknown}
Potions
 i - 2 potions of curing {unknown}
 l - 2 potions of mutation {unknown}
 n - 2 potions of haste {unknown}
 t - a potion of might {unknown}
 w - 2 potions of degeneration {unknown}


   Skills:
 + Level 2.9 Fighting
 + Level 3.3 Short Blades
 - Level 1.7 Throwing
 + Level 3.3 Dodging


You had 2 spell levels left.
You didn't know any spells.
Your spell library contained the following spells:

 Spells                   Type           Power      Damage    Failure   Level
 Magic Dart               Conj           0%         1d3       45%         1
 Call Imp                 Summ           0%         N/A       61%         2
 Gell's Gravitas          Tloc           0%         N/A       83%         3
 Inner Flame              Hex/Fire       0%         N/A       83%         3
 Mephitic Cloud           Conj/Pois/Air  0%         N/A       83%         3
 Teleport Other           Tloc           0%         N/A       83%         3
 Flame Wave               Conj/Fire      0%         2d4       99%         4
 Sticky Flame             Conj/Fire      0%         2d3       99%         4
 Dispersal                Tloc           0%         N/A       100%        6


Dungeon Overview and Level Annotations

Branches:
Dungeon (4/15)
 Temple: D:4-7

Altars:
Dithmenos
Ru

Annotations:
D:4 Edmund


Innate Abilities, Weirdness & Mutations

You have a pair of small antennae on your head.
You are surrounded by a mild repulsion field. (EV +2)


Message History

You puncture the worm!
The worm is moderately wounded.
The worm closely misses you.
You hit the worm.
The worm is severely wounded.
You barely miss the worm.
The worm is severely wounded.
You block the worm's attack.
You hit the worm.
The worm is severely wounded.
You hit the worm.
The worm is almost dead.
You block the worm's attack.
You hit the worm.
You kill the worm!
j - 14 stones (gained 4)
Things that are here:
a +0 dagger; a kobold corpse
Found a stone staircase leading down.
w - 2 coppery potions
Found a stone staircase leading down.
You now have 76 gold pieces (gained 17).
Found a sacrificial altar of Ru.
Key pressed, stopping explore.
Edmund the Younger comes into view.
He is wielding a +3 flail of protection.
Edmund shouts!
You hear a shout!
Edmund is nearby!
Edmund says, "I might not be good at magic, but I can still kill you!"
A phantom comes into view.
You barely miss Edmund.
Edmund hits you with a +3 flail of protection.
Edmund says, "I'm quite good with sums, too."
Edmund attacks as you move away! You block Edmund's attack.
Edmund attacks as you move away! Edmund barely misses you.
Edmund attacks as you move away!
Edmund hits you with a +3 flail of protection!
Edmund hits you with a +3 flail of protection!
Edmund attacks as you move away!
Edmund hits you with a +3 flail of protection!
You die...

......#...~._.~...#..# ########
.....#.#..~...~..#...#####.......
........#..~~~..#..........######
....##...#######.....W...W.......
.....#...............######......
.....#...............# ##.....
.....##.............## .....
.....# #.........@.###.. .....
.....####.......@....... .....
..........######.#####.. .....
..........# #.# ..... #.........#
#.# ..... ####)##...# #.. #..#
..# #.. ##.## .# #.. #..# ..##
##.##


You could see Edmund and a phantom.

Vanquished Creatures
  An adder (D:3)
  A worm (D:4)
  A dart slug (D:1)
  4 bats
  5 endoplasms
  2 giant cockroaches (D:1)
  2 hobgoblins
  5 quokkas
  8 ball pythons
  A frilled lizard (D:1)
  3 goblins (D:1)
  4 kobolds
  7 rats
44 creatures vanquished.

Notes
Turn   | Place    | Note
-------+----------+-------------------------------------------
     0 | D:1      | NinjaNoafa the Demonspawn Gladiator began the quest for the
                  | Orb.
     0 | D:1      | Reached XP level 1. HP: 16/16 MP: 1/1
   172 | D:1      | Gained mutation: You have a pair of small antennae on your
                  | head. [demonic ancestry]
   172 | D:1      | Reached XP level 2. HP: 22/22 MP: 2/2
   566 | D:1      | Gained mutation: You are surrounded by a mild repulsion
                  | field. (EV +2) [demonic ancestry]
   566 | D:1      | Reached XP level 3. HP: 28/28 MP: 3/3
   882 | D:3      | Found a shadowy altar of Dithmenos.
   886 | D:3      | Identified the +7 sling of Undoing {vorpal, rC+ MP+9}
  1118 | D:4      | Found a sacrificial altar of Ru.
  1141 | D:4      | Noticed Edmund
  1143 | D:4      | Noticed a phantom
  1157 | D:4      | Slain by Edmund

Illustrated notes

Levels and vault maps discovered:
D:1:      dpeg_arrival_short_road, layout_loops_ring
D:2:      minmay_wonky_spiral, layout_loops_ring, basic_altar, uniq_jessica
D:3:      layout_basic, mainiacjoe_overflow_chevrons, serial_shops,
          nicolae_shop_waterfront, ebering_ecumenical_altar_sacrificial,
          grunt_decor_mini_mirrors
D:4:      layout_rooms, nicolae_ru_awakened_eye, general_overflow_altar,
          mainiacjoe_overflow_cross_hatched, uniq_grinder, uniq_edmund

Skill      XL: |  1  2 |
---------------+-------+-----
Short Blades   | 3 |  3.3
Dodging        | 3 |  3.3
Fighting       | |  2.9
Throwing       | |  1.7

Action                   || total
-------------------------++-------
Melee: Rapier            ||   137
 Stab: Sleeping          ||     1
Armor: Leather armour    ||    47
Dodge: Dodged            ||   110
Block: Other             ||    49

Table legend: (Time is in decaauts)
 A = Elapsed time spent in this place.
 B = Non-inter-level travel time spent in this place.
 C = Inter-level travel time spent in this place.
 D = Time resting spent in this place.
 E = Time spent auto-exploring this place.
 F = Levels seen in this place.
 G = Mean time per level.
                   A        B        C        D        E       F      G
               +--------+--------+--------+--------+--------+-----+--------+
         Total |   1163 |   1138 |     25 |      0 |    737 |   4 |  290.8 |
       Dungeon |   1163 |   1138 |     25 |      0 |    737 |   4 |  290.8 |
               +--------+--------+--------+--------+--------+-----+--------+

Top non-repeatable levels by time:
     D:1: 876 daAuts
     D:3: 170 daAuts
     D:4: 105 daAuts
     D:2: 10 daAuts
